 Dungeon Crawl Stone Soup version 0.32-a0-872-g59262bdc9b (webtiles) character file.

Game seed: 9250598930862936450

202 Autsider the Trooper (level 5, 0/62 HPs)
             Began as an Oni Shapeshifter on Mar 30, 2024.
             Slain by an orc
             ... wielding a +0 short sword
              (4 damage)
             ... on level 7 of the Dungeon.
             The game lasted 00:06:10 (2173 turns).

Autsider the Trooper (Oni Shapeshifter)             Turns: 2173, Time: 00:06:10

Health: 0/62       AC:  3    Str: 20    XL:     5   Next: 80%
Magic:  5/5        EV:  8    Int: 11    God:
Gold:   200        SH:  0    Dex:  8    Spells: 4/4 levels left

rFire   . .          .
                       - Unarmed
rCold   . . .        (no shield)
rNeg    . . .        a - +0 animal skin
rPois   .            (helmet currently unavailable)
rElec   .            (cloak currently unavailable)
rCorr   +            (gloves unavailable)
SInv    .            (boots unavailable)
Will    .....        (no amulet)
Stlth   +            h - ring of resist corrosion
HPRegen 0.30/turn    (no ring)
MPRegen 0.09/turn

%: no passive effects
@: beast-form
A: beast (slay +1), large, unfitting armour, horns 1, tough skin 1, double
potion healing, drunken brawling
a: Begin Untransformation


You were on level 7 of the Dungeon.
You were a hulking beast.
You visited 2 branches of the dungeon, and saw 6 of its levels.

You collected 200 gold pieces.

Inventory:

Armour
 a - a +0 animal skin (worn)
 e - a +0 cloak
Jewellery
 h - a ring of resist corrosion (left hand)
Talismans
 c - a beast talisman (active)
 d - a flux talisman
Scrolls
 m - 2 scrolls of identify
Potions
 b - a potion of lignification
 f - a potion of haste {unknown}
 g - 2 potions of enlightenment
 i - a potion of heal wounds {unknown}
 l - a potion of degeneration {unknown}


   Skills:
 + Level 7.3 Fighting
 - Level 1.7 Dodging
 - Level 2.6 Unarmed Combat
 - Level 3.0 Shapeshifting


You had 4 spell levels left.
You didn't know any spells.
Your spell library contained the following spells:

 Spells                   Type           Power      Damage    Failure   Level
 Magic Dart               Conj           0%         1d3       34%         1
 Slow                     Hex            0%         N/A       34%         1
 Blink                    Tloc           0%         N/A       47%         2
 Call Imp                 Summ           0%         N/A       47%         2
 Confusing Touch          Hex            0%         N/A       71%         3
 Vampiric Draining        Necr           0%         2d6       71%         3


Dungeon Overview and Level Annotations

Branches:
Dungeon (7/15)             Temple (1/1) D:4

Altars:
Cheibriados
Dithmenos
Fedhas
Gozag
Kikubaaqudgha
Makhleb
Nemelex Xobeh
Okawaru
Trog
Uskayaw
Vehumet
Wu Jian
Xom
Yredelemnul
Zin
The Shining One


Innate Abilities, Weirdness & Mutations

You are a hulking beast.
Your limbs bulge with bestial killing power. (Slay +1)
You are too large for most types of armour.
You have a pair of small horns on your head.
You have tough skin. (AC +1)
You gain doubled healing and magic from potions.
Whenever you drink a healing potion, you attack all around you.


Message History

The orc warrior barely misses you.
You hit the iguana but do no damage.
The iguana is almost dead.
The orc hits you with a +0 short sword. The iguana bites you.
The orc warrior hits you with a +0 long sword!
* * * LOW HITPOINT WARNING * * *
You hit the iguana.
You kill the iguana!
An orc comes into view. It is wielding a +0 flail.
The orc hits you with a +0 short sword.
* * * LOW HITPOINT WARNING * * *
The orc warrior hits you with a +0 long sword!
* * * LOW HITPOINT WARNING * * *
The orc attacks as it pursues you! The orc barely misses you.
The orc shouts!
An orc comes into view. It is wielding a +0 club.
You see here 2 glowing blue potions.
The orc shouts!
Found a scroll labelled RIBREA FINIAN.
The orc attacks as it pursues you! The orc hits you with a +0 short sword.
* * * LOW HITPOINT WARNING * * *
The orc attacks as it pursues you! The orc hits you but does no damage.
The orc attacks as it pursues you! The orc hits you with a +0 short sword.
* * * LOW HITPOINT WARNING * * *
As you read the scroll labelled NICSIDDYES, it crumbles to dust.
You feel aware of your surroundings.
You sensed 1 altar.
It was a scroll of revelation.
The orc barely misses you.
As you read the scroll labelled BAITSO NICSISSE, it crumbles to dust.
It is a scroll of amnesia.
You feel forgetful for a moment. The orc closely misses you.
The orc attacks as it pursues you! The orc hits you with a +0 short sword.
* * * LOW HITPOINT WARNING * * *
The orc attacks as it pursues you! The orc hits you with a +0 short sword.
* * * LOW HITPOINT WARNING * * *
The orc attacks as it pursues you! The orc hits you with a +0 short sword.
* * * LOW HITPOINT WARNING * * *
The orc attacks as it pursues you! The orc hits you with a +0 short sword.
* * * LOW HITPOINT WARNING * * *
The orc attacks as it pursues you! The orc hits you with a +0 short sword.
You die...

#.#*.....*#.#.# *.....
#####.#.......#.#.# *##....,
#####.#.......#.#.# ##>?.>,,,
#####....._.......#####..#*,,,,
####.o#.......#.>.....o.#*,,,,,
###.$o#.......#.###.....#*,,,,,
####.#.##.....##.....###.#*,,,,,
*#......####.####.#####
#.#*,,,,, ....##....o.oo.oh.#
#.#*,,,,, ..#.##..........###
#.#**,,,, .,.............##
#.#*,,,,, ,##.##....?######
#.#*,**** ,.........#######
*,**,* *##........###### *,**,*
**#..#........### *,**,*
,,...#....###.### **,**,*
****,*,,,,* *,*** *,,*,,*


You could see an orc warrior and 3 orcs.

Vanquished Creatures
  A hound (D:4)
  An iguana (D:7)
  A hound zombie (D:3)
  5 adders
  A gnoll (D:1)
  A ribbon worm (D:3)
  3 dart slugs
  2 orcs (D:3)
  2 bats (D:1)
  5 endoplasms
  2 giant cockroaches
  5 goblins
  3 hobgoblins
  7 jackals
  6 kobolds
  4 quokkas
  8 ball pythons
  A ball python zombie (D:3)
  3 frilled lizards
  A jackal zombie (D:3)
  9 rats
71 creatures vanquished.

Notes
Turn   | Place    | Note
-------+----------+-------------------------------------------
     0 | D:1      | Autsider the Oni Shapeshifter began the quest for the Orb.
     0 | D:1      | Reached XP level 1. HP: 19/19 MP: 1/1
    49 | D:1      | Reached skill level 2 in Fighting
    93 | D:1      | Reached XP level 2. HP: 29/29 MP: 2/2
   118 | D:1      | Reached skill level 3 in Fighting
   397 | D:1      | Reached XP level 3. HP: 39/39 MP: 3/3
   405 | D:1      | Reached skill level 4 in Fighting
  1076 | D:2      | Reached skill level 5 in Fighting
  1076 | D:2      | Reached XP level 4. HP: 48/50 MP: 4/4
  1436 | D:3      | Found a faded altar of an unknown god.
  1548 | D:3      | Found a basalt altar of Yredelemnul.
  1650 | D:3      | Reached skill level 6 in Fighting
  1672 | D:3      | Found a shimmering altar of Xom.
  1672 | D:3      | Found an iron altar of Okawaru.
  1695 | D:3      | Found a glowing golden altar of the Shining One.
  1721 | D:3      | Reached XP level 5. HP: 19/59 MP: 5/5
  2071 | D:4      | Found a bloodstained altar of Trog.
  2089 | D:4      | Found a staircase to the Ecumenical Temple.
  2101 | D:4      | Reached skill level 7 in Fighting
  2105 | Temple   | Entered the Ecumenical Temple
  2114 | D:4      | You fall into a shaft and drop 3 floors!
  2114 | D:7      | Found an ornate altar of the Wu Jian Council.
  2121 | D:7      | Noticed an orc warrior
  2171 | D:7      | HP: 3/62 [orc/+0 short sword (4)]
  2173 | D:7      | Slain by an orc

Illustrated notes

Levels and vault maps discovered:
D:1:      saegor_arrival_under_anarchy, layout_basic
D:2:      layout_basic
D:3:      layout_rooms, nicolae_yredelemnul_corpse_copse,
          mainiacjoe_overflow_boulevard, jmf_multi_god_temple,
          ebering_ecumenical_altar_petrified, st_stairs_1
D:4:      layout_basic, mainiacjoe_overflow_alcove_1,
          minmay_temple_entry_mini_moons
D:7:      layout_rooms, old_standard_altar, general_overflow_altar
Temple:   chequers_temple_sunken

Skill      XL: |  1  2  3  4  5 |
---------------+----------------+-----
Fighting       | 2 3 5 6 7 |  7.3
Dodging        | |  1.7
Unarmed Combat | |  2.6
Shapeshifting  | |  3.0

Action                     |  1- 3 |  4- 6 || total
---------------------------+-------+-------++-------
  Melee: Unarmed           |    94 |   123 ||   217
         Headbutt          |    14 |    21 ||    35
         Punch             |     2 |     4 ||     6
    Use: Scroll            |       |     3 ||     3
 Armour: Animal skin       |    53 |    87 ||   140
  Dodge: Dodged            |    37 |    54 ||    91

Table legend: (Time is in decaauts)
 A = Elapsed time spent in this place.
 B = Non-inter-level travel time spent in this place.
 C = Inter-level travel time spent in this place.
 D = Time resting spent in this place.
 E = Time spent auto-exploring this place.
 F = Levels seen in this place.
 G = Mean time per level.
                   A        B        C        D        E       F      G
               +--------+--------+--------+--------+--------+-----+--------+
         Total |   2161 |   2112 |     49 |      0 |   1624 |   6 |  360.2 |
       Dungeon |   2159 |   2111 |     48 |      0 |   1624 |   5 |  431.8 |
        Temple |      1 |      0 |      1 |      0 |      0 |   1 |    1.0 |
               +--------+--------+--------+--------+--------+-----+--------+

Top non-repeatable levels by time:
     D:1: 832 daAuts
     D:2: 589 daAuts
     D:3: 496 daAuts
     D:4: 182 daAuts
     D:7: 58 daAuts
  Temple: 1 daAuts
